 Dungeon Crawl Stone Soup version 0.30-a0-989-g0d87f670db (webtiles) character file.

Game seed: 5287213460391088373

39 jasper the Caller (level 3, -6/19 HPs)
             Began as a Tengu Summoner on Apr 3, 2023.
             Mangled by a sleepcap (20 damage)
             ... on level 2 of the Dungeon.
             The game lasted 00:02:26 (988 turns).

jasper the Caller (Tengu Summoner)                   Turns: 988, Time: 00:02:27

Health: -6/19      AC:  2    Str:  8    XL:     3   Next: 45%
Magic:  7/7        EV:  2    Int: 17    God:
Gold:   41         SH:  0    Dex: 14    Spells: 3/6 levels left

rFire   . . .      SeeInvis .    c - +0 club
rCold   . . .      Faith    .    (no shield)
rNeg    . . .      Spirit   .    a - +0 robe
rPois   .          Reflect  +    (helmet restricted)
rElec   .          Rampage  .    (no cloak)
rCorr   .                        (no gloves)
Will    .....                    (boots unavailable)
Stlth   ++                       d - amulet of reflection
HPRegen 0.23/turn                (no ring)
MPRegen 0.10/turn                (no ring)

@: sleeping
A: beak, talons 3
a: no special abilities


You were on level 2 of the Dungeon.
You visited 1 branch of the dungeon, and saw 2 of its levels.

You collected 41 gold pieces.

Inventory:

Hand Weapons
 c - a +0 club (weapon)
Armour
 a - a +0 robe (worn)
 h - a +0 ring mail
Jewellery
 d - an amulet of reflection (around neck)
Scrolls
 e - a scroll of identify {unknown}
 g - a scroll of blinking {unknown}
 i - 2 scrolls of amnesia {unknown}
 j - a scroll of fog {unknown}
 k - a scroll of vulnerability {unknown}
 l - 2 scrolls of poison {unknown}
 p - a scroll of teleportation {unknown}
Potions
 b - a potion of magic
 f - a potion of curing
 m - a potion of lignification {unknown}
 n - a potion of resistance {unknown}
 o - a potion of heal wounds {unknown}


   Skills:
 - Level 2.1 Dodging
 - Level 2.0 Stealth
 - Level 2.0 Spellcasting
 + Level 6.2 Summonings


You had 3 spell levels left.
You knew the following spells:

 Your Spells              Type           Power      Damage    Failure   Level
a - Summon Small Mammal   Summ           92%        N/A       1%          1
b - Call Imp              Summ           23%        N/A       2%          2

Your spell library contained the following spells:

 Spells                   Type           Power      Damage    Failure   Level
 Call Canine Familiar     Summ           23%        N/A       4%          3
 Summon Guardian Golem    Hex/Summ       12%        N/A       16%         3
 Summon Lightning Spire   Summ/Air       12%        N/A       47%         4


Dungeon Overview and Level Annotations

Branches:
Dungeon (2/15)

Altars:

Shops:
D:1 :


Innate Abilities, Weirdness & Mutations

You have a beak for a mouth.
You have claws for feet.


Message History

You kill the dart slug!
A frilled lizard is nearby!
A frilled lizard is nearby!
A frilled lizard is nearby!
An endoplasm comes into view.
The frilled lizard bites you.
You take 1 damage, and have 13/19 hp.
You hit the frilled lizard.
You kill the frilled lizard!
You see here a frilled lizard corpse.
You hit the endoplasm.
You claw the endoplasm, but do no damage.
The endoplasm is lightly wounded.
The endoplasm closely misses you.
You hit the endoplasm but do no damage. You claw the endoplasm.
You peck the endoplasm.
The endoplasm is almost dead.
You block the endoplasm's attack.
You hit the endoplasm but do no damage. Your kick misses the endoplasm.
The endoplasm is almost dead.
The endoplasm freezes you.
You are frozen.
The endoplasm hits you.
You take 4 damage, and have 10/19 hp.
MASSIVE DAMAGE!!
You hit the endoplasm.
You kill the endoplasm!
A sleepcap comes into view.
Health restored: 19 A sleepcap is nearby!
A sleepcap is nearby!
A sleepcap is nearby!
Found a stone staircase leading down.
You hit the sleepcap. You claw the sleepcap.
You peck the sleepcap, but do no damage.
The sleepcap is moderately damaged.
The sleepcap releases spores at you.
You are engulfed in a cloud of soporific spores!
You fall asleep.
The sleepcap releases spores at you!!
Ouch! That really hurt!
You die...

#†.....#......##
#.####...<##### #.#
##.#.# #.# #.#.#
#.# ..#.# #.#
.###.# #.###.#.#.#
.>.######..........
......f@.........
....#####.##..... .
#.# ....# #.# #.##
#.# .# #.. . ###


You could see a sleepcap.

Vanquished Creatures
  A worm (D:2)
  A dart slug (D:2)
  2 bats (D:1)
  4 endoplasms
  2 giant cockroaches (D:2)
  3 goblins
  2 hobgoblins
  2 quokkas (D:1)
  6 frilled lizards
  3 rats (D:1)
26 creatures vanquished.

Vanquished Creatures (collateral kills)
  2 ball pythons (D:1)
  3 kobolds (D:1)
  A rat (D:1)
6 creatures vanquished.

Grand Total: 32 creatures vanquished

Notes
Turn   | Place    | Note
-------+----------+-------------------------------------------
     0 | D:1      | jasper the Tengu Summoner began the quest for the Orb.
     0 | D:1      | Reached XP level 1. HP: 10/10 MP: 4/4
    36 | D:1      | Reached skill level 5 in Summonings
   133 | D:1      | Reached XP level 2. HP: 12/15 MP: 4/6
   138 | D:1      | Learned a level 2 spell: Call Imp
   240 | D:1      | Found Lalac's Book Emporium.
   478 | D:1      | Reached XP level 3. HP: 11/19 MP: 7/7
   634 | D:2      | Reached skill level 6 in Summonings
   988 | D:2      | Mangled by a sleepcap

Illustrated notes

Levels and vault maps discovered:
D:1:      dreamdust_arrival_beginning_and_end, layout_rooms, serial_shops,
          nicolae_square_shop
D:2:      layout_loops_corners

Skill      XL: |  1  2  3 |
---------------+----------+-----
Summonings     | 5 6 |  6.2
Dodging        | |  2.1
Stealth        | |  2.0
Spellcasting   | |  2.0

Action                     || total
---------------------------++-------
  Melee: Unarmed           ||    10
         Club              ||    70
         Kick              ||    25
         Peck              ||    13
         Punch             ||     1
   Cast: Summon Small Mamm ||     2
         Call Imp          ||     3
    Use: Potion            ||     1
   Stab: Distracted        ||     1
 Armour: Robe              ||    13
  Dodge: Dodged            ||    58
  Block: Other             ||    18
         Reflection        ||     1

Table legend: (Time is in decaauts)
 A = Elapsed time spent in this place.
 B = Non-inter-level travel time spent in this place.
 C = Inter-level travel time spent in this place.
 D = Time resting spent in this place.
 E = Time spent auto-exploring this place.
 F = Levels seen in this place.
 G = Mean time per level.
                   A        B        C        D        E       F      G
               +--------+--------+--------+--------+--------+-----+--------+
         Total |   1008 |    993 |     15 |      0 |    680 |   2 |  504.0 |
       Dungeon |   1008 |    993 |     15 |      0 |    680 |   2 |  504.0 |
               +--------+--------+--------+--------+--------+-----+--------+

Top non-repeatable levels by time:
     D:1: 641 daAuts
     D:2: 366 daAuts
